 Dungeon Crawl Stone Soup version 0.26-a0-812-g31a745ddcd (webtiles) character file.

Game seed: 8113717382741691701

12462 Borgoz the Fighter (level 11, 0/102 HPs)
             Began as a Ghoul Monk on Dec 5, 2020.
             Was an Elder of Ashenzari.
             Slain by a fire crab (11 damage)
             ... summoned by an orange crystal statue
             ... in a Gauntlet.
             The game lasted 00:33:09 (12186 turns).

Borgoz the Fighter (Ghoul Monk)                    Turns: 12186, Time: 00:33:09

Health: 0/102      AC: 13    Str: 16    XL:     11   Next: 93%
Magic:  0/14       EV: 17    Int:  5    God:    Ashenzari [****..]
Gold:   601        SH:  0    Dex: 14    Spells: 14/16 levels left

rFire    . . .     SeeInvis +     - Unarmed
rCold    + . .     Faith    .   (no shield)
rNeg     + + +     Spirit   +   p - +1 troll leather armour (curse)
rPois    ∞         Reflect  .   (no helmet)
rElec    .         Harm     .   b - +0 cloak
rCorr    .         Rampage  .   (no gloves)
MR       .....     Clarity  +   i - +1 pair of boots Stlth ++........NoTele +
                                h - amulet of guardian spirit
HPRegen  0.00/turn              s - +4 ring of protection
MPRegen  0.14/turn              (no ring)

@: no status effects
A: rotting body, claws 1, cold resistance 1, negative energy resistance 3,
inhibited regeneration, torment resistance, unbreathing
a: Curse Item, Scrying, Renounce Religion


You were in a Gauntlet.
You worshipped Ashenzari.
Ashenzari was greatly pleased with you.
You visited 2 branches of the dungeon, and saw 12 of its levels.
You also visited: Sewer and Gauntlet.

You collected 775 gold pieces.
You spent 174 gold pieces at shops.

Inventory:

Armour
 a - the +0 pair of gloves "Rumuvymics" {rElec Str-2 Slay+2}
   (You found it on level 4 of the Dungeon)

   It affects your strength (-2).
   It affects your accuracy and damage with ranged weapons and melee attacks
   (+2).
   It insulates you from electricity.
 b - a +0 cloak (worn)
 c - a +2 chain mail of fire resistance
 i - a +1 pair of boots (worn)
 n - +0 steam dragon scales
 p - a cursed +1 troll leather armour (worn)
 q - the +2 ring mail of Suwioq {MR- Str+4 Int-3 Dex+9}
   (You found it on level 7 of the Dungeon)

   It affects your strength (+4).
   It affects your intelligence (-3).
   It affects your dexterity (+9).
   It affects your resistance to hostile enchantments.
Jewellery
 d - the amulet of Irrepressible Laughter {Spirit *Slow Fragile rElec rC+++}
   (You found it in a Gauntlet)

   [amulet of guardian spirit]

   It causes incoming damage to be split between your health and magic.
   It renders you almost immune to cold.
   It insulates you from electricity.
   It may slow you when you take damage.
   It will be destroyed if unequipped.
 h - an amulet of guardian spirit (around neck)
 r - an uncursed amulet of reflection
 s - a +4 ring of protection (left claw)
 u - an uncursed amulet of regeneration
Wands
 f - a wand of acid (5)
 v - a wand of iceblast (6)
 x - a wand of digging (6)
Scrolls
 e - 4 scrolls of teleportation
 g - a scroll of brand weapon {unknown}
 j - 2 scrolls of amnesia
 k - 2 scrolls of blinking
 m - 2 scrolls of enchant weapon
 t - 2 scrolls of magic mapping
Potions
 l - 2 potions of flight


   Skills:
 * Level 11.1 Fighting
 + Level 6.1 Armour
 * Level 9.5 Dodging
 - Level 3.0 Stealth
 * Level 11.1 Unarmed Combat
 - Level 3.0 Spellcasting


You had 14 spell levels left.
You knew the following spells:

 Your Spells              Type           Power        Failure   Level
a - Swiftness             Air            #.......     56%         2

Your spell library contained the following spells:

 Spells                   Type           Power        Failure   Level
 Animate Skeleton         Necr           #.....       43%         1
 Corona                   Hex            #......      43%         1
 Freeze                   Ice            #...         43%         1
 Pain                     Necr           #...         43%         1
 Shock                    Conj/Air       #...         43%         1
 Slow                     Hex            #.......     56%         2
 Frozen Ramparts          Ice            #.....       80%         3
 Inner Flame              Hex/Fire       #.......     80%         3
 Ozocubu's Armour         Ice            #.......     80%         3
 Portal Projectile        Hex/Tloc       #.....       80%         3
 Static Discharge         Conj/Air       #.......     80%         3
 Vampiric Draining        Necr           #.........   80%         3
 Airstrike                Air            #.........   99%         4
 Animate Dead             Necr           #.........   99%         4
 Cause Fear               Hex            #.........   99%         4
 Hailstorm                Conj/Ice       #.......     99%         4
 Leda's Liquefaction      Hex/Erth       #.........   99%         4
 Summon Ice Beast         Ice/Summ       #.......     99%         4
 Agony                    Necr           #.......     100%        5
 Lightning Bolt           Conj/Air       #.........   100%        5


Dungeon Overview and Level Annotations

Branches:
Dungeon (11/15)            Temple (1/1) D:6            Lair (0/6) D:8
    Orc (0/2) D:10          Sewer (visited)         Gauntlet (1/1)

Altars:
Ashenzari
Cheibriados
Dithmenos
Elyvilon
Fedhas
Gozag
Hepliaklqana
Kikubaaqudgha
Makhleb
Nemelex Xobeh
Okawaru
Qazlal
Ru
Sif Muna
Trog
Uskayaw
Vehumet
Wu Jian
Xom
Yredelemnul
Zin
The Shining One

Shops:
D:7 *

Annotations:
Gauntlet 8 transporters, exclusion: orange crystal statue


Innate Abilities, Weirdness & Mutations

Your body is rotting away.
You thrive by killing the living.
You are immune to poison.
You have sharp fingernails.
Your flesh is cold resistant. (rC+)
You are immune to negative energy. (rN+++)
You do not regenerate when monsters are visible.
You are immune to unholy pain and torment.
You can survive without breathing.


Message History

The queen bee stings you but does no damage.
The fire crab closely misses you. The fire crab completely misses you.
You feel better. The queen bee barely misses you.
The fire crab barely misses you. The fire crab claws you.
* * * LOW HITPOINT WARNING * * *
You are engulfed in flames!
* * * LOW HITPOINT WARNING * * *
Okay, then.
Okay, then.
Evoke which item? (* to show all) (? for menu, Esc to quit)
Press: ? - help, Shift-Dir - straight line, f - fire crab
Aim: a fire crab (heavily wounded, summoned)
The bolt of acid hits the fire crab!
The fire crab is splashed with acid.
The acid corrodes the fire crab!
The fire crab is severely wounded.
The queen bee stings you but does no damage.
The fire crab misses you. The fire crab claws you.
* * * LOW HITPOINT WARNING * * *
You are engulfed in flames!
You die...

*, * +* * ., ,,, .. ,, **#.**, .#
, *,* * .#*,*#.#*, ., ,.., ,, *
#.##.##.##.##.#
###.##.##.##.##.###
#≈...............≈#
####8§8.8..@t©..8.8.8#### ##
#8##§.......y.......≈##8# #8
###############################
#≈............≈∩≈..............
#..............................
###..###########...###########...
#8#..#|.#=©...W#...#...)©.[zz#.8.
###..#...#8....#...#...#.#.zz#...
#..#...#....##...#....#...z####


You could see an orange crystal statue, a fire crab (summoned, corroded), a
queen bee (summoned) and a shadow (summoned, invisible).

Vanquished Creatures
  Harold (D:8)
  An unseen horror (D:10)
  Maurice (D:10)
  A manticore (D:8)
  An elephant (D:8)
  Joseph (D:8)
  Psyche (D:10)
  Maggie (D:9)
  2 trolls
  A hornet (D:10)
  2 centaur simulacra (Gauntlet)
  A shadow (D:10)
  4 yaks (D:10)
  2 wyverns
  Grum (D:10)
  Edmund (D:6)
  A harpy simulacrum (Gauntlet)
  A two-headed ogre zombie (D:10)
  3 orc warriors
  2 ice beasts
  6 sky beasts
  3 black bears (D:8)
  2 phantoms
  3 centaurs
  7 ogres
  An eye of draining (D:8)
  3 wolves (D:10)
  A necrophage (D:7)
  14 bullfrogs
  A hornet simulacrum (Gauntlet)
  2 scorpions
  A wyvern skeleton (D:9)
  A troll zombie (D:10)
  17 killer bees
  4 wights (D:10)
  A howler monkey (D:10)
  3 bullfrog zombies
  2 centaur zombies
  2 quasits
  A hound (D:6)
  2 jellies (D:8)
  3 centaur skeletons
  A gnoll shaman (D:7)
  3 orc priests
  A bullfrog skeleton (D:8)
  6 iguanas
  4 orc wizards
  9 worker ants
  6 ogre zombies (D:10)
  2 hound skeletons
  2 worker ant zombies
  3 gnolls (D:7)
  11 adders
  3 shadow imps
  6 white imps
  2 ufetubi
  14 oozes (Sewer)
  An adder skeleton (D:7)
  A worm (D:2)
  2 dart slugs
  19 leopard geckos
  31 orcs
  16 giant cockroaches
  12 goblins
  10 hobgoblins
  9 jackals
  4 quokkas
  10 ball pythons
  A ball python skeleton (D:5)
  10 bats
  15 frilled lizards
  A goblin skeleton (D:10)
  2 goblin zombies (D:10)
  2 hobgoblin skeletons (D:10)
  2 hobgoblin zombies (D:10)
  6 kobolds
  3 orc skeletons (D:10)
  15 orc zombies (D:10)
  2 quokka skeletons
  9 rats
365 creatures vanquished.

Vanquished Creatures (others)
  An iguana (D:7)
  A fungus (D:8)
  A plant (D:3)
3 creatures vanquished.

Grand Total: 368 creatures vanquished

Notes
Turn   | Place    | Note
-------+----------+-------------------------------------------
     0 | D:1      | Borgoz the Ghoul Monk began the quest for the Orb.
     0 | D:1      | Reached XP level 1. HP: 19/19 MP: 0/0
   220 | D:1      | Reached XP level 2. HP: 26/26 MP: 1/1
   736 | D:1      | Noticed a big kobold
   736 | D:1      | Noticed a big kobold
   736 | D:1      | Noticed a big kobold
   736 | D:1      | Noticed a big kobold
  1022 | D:2      | Reached XP level 3. HP: 20/33 MP: 2/2
  1380 | D:2      | Found a faded altar of an unknown god.
  1398 | D:2      | Reached XP level 4. HP: 40/40 MP: 3/3
  2316 | D:3      | Reached XP level 5. HP: 30/46 MP: 1/4
  2492 | D:3      | Found a glowing golden altar of the Shining One.
  3041 | D:4      | Got a pair of twisted gloves
  3122 | D:4      | Found a glowing drain.
  3130 | Sewer    | Entered a sewer
  3147 | Sewer    | Reached skill level 1 in Armour
  3324 | Sewer    | Reached XP level 6. HP: 52/53 MP: 5/5
  3622 | Sewer    | Reached skill level 5 in Fighting
  3622 | Sewer    | Reached skill level 5 in Unarmed Combat
  3921 | D:4      | Reached XP level 7. HP: 61/61 MP: 6/6
  4608 | D:5      | Entered Level 5 of the Dungeon
  4815 | D:5      | Identified the +0 pair of gloves "Rumuvymics" {rElec Str-2
                  | Slay+2} (You found it on level 4 of the Dungeon)
  5296 | D:5      | Reached skill level 5 in Dodging
  5296 | D:5      | Reached XP level 8. HP: 42/70 MP: 3/7
  5653 | D:6      | Found a staircase to the Ecumenical Temple.
  5669 | Temple   | Entered the Ecumenical Temple
  5746 | Temple   | Became a worshipper of Ashenzari the Shackled
  5746 | Temple   | Reached * piety under Ashenzari
  5746 | Temple   | Reached ** piety under Ashenzari
  6190 | D:6      | Found a blossoming altar of Fedhas.
  6483 | D:6      | Noticed Edmund
  6490 | D:6      | Killed Edmund
  6837 | D:7      | Learned a level 2 spell: Swiftness
  6867 | D:7      | Reached XP level 9. HP: 56/79 MP: 6/8
  7249 | D:7      | Reached skill level 1 in Spellcasting
  7436 | D:7      | Got the uncursed ring mail of Suwioq {MR- Str+4 Int-3
                  | Dex+9}
  7659 | D:7      | Identified the +2 ring mail of Suwioq {MR- Str+4 Int-3
                  | Dex+9} (You found it on level 7 of the Dungeon)
  7806 | D:7      | Found Koseag's Assorted Antiques.
  7809 | D:7      | Bought a scroll labelled POSIPLI GILIXT for 29 gold pieces
  7809 | D:7      | Bought a scroll labelled SEBAGA YVEPEORODI for 29 gold
                  | pieces
  7809 | D:7      | Bought a potion of might for 116 gold pieces
  7925 | D:8      | Found a staircase to the Lair.
  7925 | D:8      | Noticed an elephant
  7950 | D:8      | Killed an elephant
  7950 | D:8      | Reached XP level 10. HP: 84/90 MP: 7/12
  8089 | D:8      | Noticed Joseph
  8099 | D:8      | Killed Joseph
  8250 | D:8      | Noticed Harold
  8276 | D:8      | Killed Harold
  8469 | D:8      | Reached *** piety under Ashenzari
  8520 | D:8      | Reached skill level 5 in Armour
  8788 | D:8      | Noticed a manticore
  8797 | D:8      | Killed a manticore
  9172 | D:8      | Reached XP level 11. HP: 95/99 MP: 12/14
  9365 | D:9      | Noticed Maggie
  9377 | D:9      | Killed Maggie
  9377 | D:9      | Reached skill level 10 in Fighting
  9377 | D:9      | Reached skill level 10 in Unarmed Combat
  9440 | D:9      | Found a hazy altar of Hepliaklqana.
  9482 | D:9      | Found a shimmering blue altar of Sif Muna.
  9492 | D:9      | Found an opulent altar of Gozag.
  9493 | D:9      | Found a glowing golden altar of the Shining One.
 10153 | D:10     | Entered Level 10 of the Dungeon
 10357 | D:10     | Found a staircase to the Orcish Mines.
 10687 | D:10     | Noticed Psyche
 10696 | D:10     | Killed Psyche
 10791 | D:10     | Noticed an unseen horror
 10798 | D:10     | Killed an unseen horror
 10854 | D:10     | Noticed Grum
 10890 | D:10     | Killed Grum
 11257 | D:10     | Reached **** piety under Ashenzari
 11434 | D:10     | Noticed Maurice
 11454 | D:10     | Killed Maurice
 11570 | D:11     | Found a gate leading to a gauntlet.
 11639 | Gauntlet | Entered a Gauntlet
 11639 | Gauntlet | Found a transporter.
 11639 | Gauntlet | Found a transporter.
 11639 | Gauntlet | Found a transporter.
 11639 | Gauntlet | Noticed a necromancer
 11640 | Gauntlet | Found a transporter.
 11643 | Gauntlet | Found a transporter.
 11653 | Gauntlet | Found a transporter.
 11654 | Gauntlet | Identified the amulet of Irrepressible Laughter {Spirit
                  | *Slow Fragile rElec rC+++}
 11654 | Gauntlet | Found a transporter.
 11655 | Gauntlet | Noticed an orange crystal statue
 11668 | Gauntlet | Found a transporter.
 11676 | Gauntlet | Found a transporter.
 11693 | Gauntlet | Found a transporter.
 11697 | Gauntlet | Noticed a death scarab
 11701 | Gauntlet | Found a transporter.
 11718 | Gauntlet | Found a transporter.
 12173 | Gauntlet | Noticed a fire crab
 12186 | Gauntlet | Slain by a fire crab

Illustrated notes

Levels and vault maps discovered:
D:1:      erik_arrival_cave_to_civilisation [erik_arrival_cave_to_temple],
          layout_basic
D:2:      layout_loops_corners, chequers_ecumenical_altar_island
D:3:      corexii_shack_village, layout_basic, lemuel_statue_altar
D:4:      layout_basic, gup_sewer_entry_pipe
D:5:      layout_loops_cross
D:6:      layout_basic, minmay_temple_entry_arrows, fedhas_altar_1, uniq_edmund
D:7:      layout_loops_cross, serial_shops, nicolae_shop_behind_doors
D:8:      layout_loops_ring, david_lair_generic, patterned_corridor,
          uniq_joseph, uniq_harold
D:9:      layout_stronghold, grunt_temple_overflow_open, uniq_maggie
D:10:     layout_irregular_city, zombieorc2_lemuel, wad_scary_box, uniq_grum,
          uniq_psyche, uniq_maurice
D:11:     layout_loops_ring, gauntlet_entry_generic
Temple:   dpeg_five_rooms_temple
Gauntlet: gammafunk_gauntlet_shortcut [gammafunk_gauntlet_arena_crates,
          nicolae_gauntlet_swirl, gammafunk_gauntlet_arena_grid,
          nicolae_gauntlet_arena_grate_2, gammafunk_gauntlet_arena_teeth,
          nicolae_gauntlet_arena_t_cross, gauntlet_exit_green]

Skill      XL: |  1  2  3  4  5  6  7  8  9 10 11 |
---------------+----------------------------------+-----
Dodging        | 3 4 5 6 7 8 9 |  9.5
Stealth        | 3 |  3.0
Unarmed Combat | 4 5 7 8 9 11 | 11.1
Fighting       | 4 5 6 7 8 9 11 | 11.1
Armour         | 1 2 3 4 5 6 |  6.1
Spellcasting   | 2 3 |  3.0

Action                   |  1- 3 |  4- 6 |  7- 9 | 10-12 || total
-------------------------+-------+-------+-------+-------++-------
Melee: Unarmed           |   106 |   382 |   415 |   614 ||  1517
       Punch             |       |     2 |    11 |    35 ||    48
Throw: Throwing net      |       |       |       |     1 ||     1
Invok: Curse Item        |       |       |       |     1 ||     1
Evoke: Wand              |       |     1 |     4 |     8 ||    13
  Use: Potion            |     2 |       |     3 |    10 ||    15
       Scroll            |       |     5 |     7 |     8 ||    20
 Stab: Sleeping          |     4 |    12 |     2 |     7 ||    25
       Distracted        |       |       |     1 |     2 ||     3
       Invisible         |       |       |     8 |     5 ||    13
       Held in net/web   |       |       |       |     1 ||     1
Armor: Robe              |    17 |    14 |       |       ||    31
       Leather armour    |       |    18 |       |       ||    18
       Ring mail         |       |    90 |   134 |    26 ||   250
       Troll leather arm |       |       |       |   138 ||   138
Dodge: Dodged            |    65 |   218 |   233 |   525 ||  1041

Table legend: (Time is in decaauts)
 A = Elapsed time spent in this place.
 B = Non-inter-level travel time spent in this place.
 C = Inter-level travel time spent in this place.
 D = Time resting spent in this place.
 E = Time spent auto-exploring this place.
 F = Levels seen in this place.
 G = Mean time per level.
                   A        B        C        D        E       F      G
               +--------+--------+--------+--------+--------+-----+--------+
         Total |  12090 |  11699 |    391 |   2119 |   6078 |  14 |  863.6 |
       Dungeon |  10605 |  10263 |    342 |   1842 |   5748 |  11 |  964.1 |
        Temple |    246 |    197 |     49 |      0 |    189 |   1 |  246.0 |
         Sewer |    706 |    706 |      0 |     80 |    141 |   1 |  706.0 |
      Gauntlet |    531 |    531 |      0 |    197 |      0 |   1 |  531.0 |
               +--------+--------+--------+--------+--------+-----+--------+

Top non-repeatable levels by time:
    D:10: 1347 daAuts
     D:8: 1286 daAuts
     D:2: 1087 daAuts
     D:3: 1078 daAuts
     D:7: 1040 daAuts
     D:5: 1017 daAuts
     D:4: 1002 daAuts
     D:6: 930 daAuts
     D:9: 928 daAuts
     D:1: 804 daAuts
   Sewer: 706 daAuts
Gauntlet: 531 daAuts
  Temple: 246 daAuts
    D:11: 80 daAuts
